 Dungeon Crawl Stone Soup version 0.23.2-40-g277498a (webtiles) character file.

Game seed: 1766185447982923196

666 DolittleGuy the Cleaver (level 7, -15/60 HPs)
             Began as a Minotaur Fighter on Sept 13, 2019.
             Killed from afar by Grinder (43 damage)
             ... with an exploding inner flame
             ... hexed by the player character
             ... on level 5 of the Dungeon.
             The game lasted 00:09:03 (3483 turns).

DolittleGuy the Cleaver (Minotaur Fighter)          Turns: 3483, Time: 00:09:04

Health: -15/60     AC: 13    Str: 23    XL:     7   Next: 31%
Magic:  6/6        EV:  6    Int:  5    God:
Gold:   145        SH:  9    Dex:  9    Spells: 6/6 levels left

rFire    . . .     SeeInvis .   a - +0 war axe
rCold    . . .     Gourm    .   c - +0 shield
rNeg     . . .     Faith    .   p - +0 chain mail
rPois    .         Spirit   .   (helmet restricted)
rElec    .         Reflect  .   j - +0 cloak
rCorr    .         Harm     .   q - +0 pair of gloves
MR       .....                  o - +0 pair of boots
Stlth    ..........             (no amulet)
HPRegen  0.20/turn              (no ring)
MPRegen  0.10/turn              (no ring)

@: no status effects
A: retaliatory headbutt, horns 2
a: no special abilities


You were on level 5 of the Dungeon.
You were very hungry.

You visited 1 branch of the dungeon, and saw 5 of its levels.

You collected 145 gold pieces.

Inventory:

Hand Weapons
 a - a +0 war axe (weapon)
Armour
 c - a +0 shield (worn)
 j - a +0 cloak (worn)
 o - a +0 pair of boots (worn)
 p - a +0 chain mail (worn)
 q - a +0 pair of gloves (worn)
Jewellery
 s - an uncursed ring of magical power {unknown}
Wands
 b - a wand of disintegration (12)
 r - a wand of paralysis (11)
 u - a wand of polymorph (11)
Scrolls
 g - 3 scrolls of blinking
 i - 2 scrolls of fear
 m - 2 scrolls of magic mapping
 v - a scroll of remove curse {unknown}
 w - 2 scrolls of enchant weapon {unknown}
 x - 4 scrolls of identify
Potions
 d - a potion of might
 h - a potion of lignification
 k - 2 potions of flight
 l - 3 potions of invisibility
 n - 2 potions of degeneration
 t - a potion of brilliance
 z - a potion of heal wounds {unknown}
Comestibles
 f - 9 rations


   Skills:
 + Level 4.6 Fighting
 * Level 8.0 Axes
 + Level 5.3 Armour
 + Level 1.0 Dodging
 + Level 0.1 Stealth
 + Level 4.5 Shields


You had 6 spell levels left.
You didn't know any spells.
Your spell library was empty.

Dungeon Overview and Level Annotations

Branches:
Dungeon (5/15)             Temple (0/1) D:5

Altars:
Makhleb
Nemelex Xobeh
Yredelemnul
The Shining One

Shops:
D:4 (


Innate Abilities, Weirdness & Mutations

You reflexively headbutt those who attack you in melee.
You have a pair of horns on your head.


Message History

You closely miss Grinder. Your headbutt misses Grinder.
Grinder is almost dead.
Grinder blinks!
Grinder gestures at you.
You shrug off the repeated paralysis!
Unknown command.
Grinder gestures at you. Pain shoots through your body!
You are too injured to fight recklessly!
You are too injured to fight recklessly!
You are too injured to fight recklessly!
You are too injured to fight recklessly!
You are too injured to fight recklessly!
You block Grinder's attack.
Your chain mail prevents you from hitting Grinder.
You headbutt Grinder!
Grinder explodes!
The fiery explosion engulfs you!!!
Ouch! That really hurt!
You die...

######### #.. #.......#
#.. #.......# #..
.###.......# ####..
...........# .......
##.......###############
#......................
#.......###############
#.....@.# #.........
#.....§.# #.........
........§§§# ##########
######+#####


There were no monsters in sight!

Vanquished Creatures
  A sky beast (D:5)
  A scorpion (D:4)
  A crimson imp (D:5)
  3 jellies (D:5)
  An orc priest (D:4)
  2 hounds
  A centaur skeleton (D:5)
  A worker ant (D:4)
  2 orc wizards (D:4)
  A howler monkey skeleton (D:4)
  2 adders (D:3)
  A shadow imp (D:4)
  2 oozes (D:3)
  2 worms
  5 dart slugs
  6 leopard geckos
  17 orcs
  A ball python (D:2)
  5 giant cockroaches
  5 goblins
  8 hobgoblins
  17 jackals
  5 kobolds
  2 quokkas (D:3)
  A ball python skeleton (D:4)
  7 bats
  3 frilled lizards
  A jackal skeleton (D:5)
  9 rats
113 creatures vanquished.

Notes
Turn   | Place    | Note
-------+----------+-------------------------------------------
     0 | D:1      | DolittleGuy the Minotaur Fighter began the quest for the
                  | Orb.
     0 | D:1      | Reached XP level 1. HP: 19/19 MP: 0/0
   132 | D:1      | Reached XP level 2. HP: 27/27 MP: 1/1
   406 | D:1      | Reached skill level 3 in Axes
   462 | D:1      | Reached XP level 3. HP: 33/33 MP: 2/2
  1140 | D:2      | Reached skill level 4 in Axes
  1151 | D:2      | Reached XP level 4. HP: 40/40 MP: 3/3
  1295 | D:2      | Found a basalt altar of Yredelemnul.
  1298 | D:2      | Found a burning altar of Makhleb.
  1299 | D:2      | Found a glowing golden altar of the Shining One.
  1746 | D:3      | Reached skill level 5 in Axes
  1746 | D:3      | Reached XP level 5. HP: 46/46 MP: 4/4
  2172 | D:4      | Reached skill level 6 in Axes
  2172 | D:4      | Reached XP level 6. HP: 27/53 MP: 5/5
  2517 | D:4      | Found a sparkling altar of Nemelex Xobeh.
  2607 | D:4      | Found Netsijeg's Antique Weapon Shop.
  2968 | D:5      | Entered Level 5 of the Dungeon
  2968 | D:5      | Noticed a sky beast
  2979 | D:5      | Killed a sky beast
  2979 | D:5      | Reached skill level 7 in Axes
  2979 | D:5      | Reached skill level 1 in Dodging
  2989 | D:5      | Reached skill level 5 in Armour
  2989 | D:5      | Reached XP level 7. HP: 19/60 MP: 6/6
  3217 | D:5      | Found a staircase to the Ecumenical Temple.
  3411 | D:5      | Reached skill level 8 in Axes
  3451 | D:5      | Noticed Grinder
  3475 | D:5      | Paralysed by Grinder for 4 turns
  3483 | D:5      | Killed Grinder
  3483 | D:5      | Killed from afar by Grinder

Skill      XL: |  1  2  3  4  5  6  7 |
---------------+----------------------+-----
Fighting       | 4 |  4.6
Armour         | 4 5 |  5.3
Axes           | 3 4 5 6 7 8 |  8.0
Shields        | 4 |  4.5
Dodging        | 1 |  1.0
Stealth        | |  0.1

Action                   |  1- 3 |  4- 6 |  7- 9 || total
-------------------------+-------+-------+-------++-------
Melee: War axe           |   104 |   131 |    33 ||   268
       Headbutt          |    13 |    21 |     6 ||    40
  Use: Scroll            |     1 |     8 |     1 ||    10
       Potion            |       |     1 |       ||     1
  Eat: Chunk             |       |     3 |     1 ||     4
       Ration            |       |     1 |       ||     1
Armor: Scale mail        |    68 |       |       ||    68
       Chain mail        |       |    93 |    16 ||   109
Dodge: Dodged            |    37 |    39 |     9 ||    85
Block: Shield            |    57 |    66 |    11 ||   134
